 Dungeon Crawl Stone Soup version 0.23-a0-386-g9c9d49f (webtiles) character file.

217 sl00ts the Ruffian (level 5, -1/44 (46) HPs)
             Began as a Ghoul Monk on Oct 29, 2018.
             Slain by a goblin (2 damage)
             ... led by Robin
             ... on level 4 of the Dungeon.
             The game lasted 00:06:29 (3257 turns).

sl00ts the Ruffian (Ghoul Monk)                     Turns: 3257, Time: 00:06:30

HP:   -1/44 (46)    AC:  2    Str: 16    XL:     5   Next: 94%
MP:   4/4           EV: 13    Int:  5    God:
Gold: 284           SH:  0    Dex: 11    Spells: 4/4 levels left

rFire    . . .     SeeInvis .   p - +0 dagger (vamp)
rCold    + . .     Gourm    .   (no shield)
rNeg     + + +     Faith    .   a - +0 robe
rPois    ∞         Spirit   .   (no helmet)
rElec    .         Reflect  .   (no cloak)
rCorr    .         Harm     .   (no gloves)
MR       .....                  (no boots)
Stlth    ++........             (no amulet)
HPRegen  0.00/turn              (no ring)
MPRegen  0.09/turn              (no ring)

@: rotting
A: rotting body, claws 1, carnivore, cold resistance 1, negative energy
resistance 3, inhibited regeneration, torment resistance, unbreathing
a: no special abilities


You were on level 4 of the Dungeon.
You were hungry.

You visited 1 branch of the dungeon, and saw 4 of its levels.

You collected 284 gold pieces.

Inventory:

Hand Weapons
 p - a +0 vampiric dagger (weapon)
Armour
 a - a +0 robe (worn)
Jewellery
 g - an uncursed ring of magical power {unknown}
Scrolls
 d - 6 scrolls of identify {unknown}
 e - a scroll of remove curse {unknown}
 f - a scroll of random uselessness {unknown}
 j - a scroll of enchant weapon {unknown}
 k - a scroll of amnesia
 m - 2 scrolls of teleportation {unknown}
 n - a scroll of immolation {unknown}
 o - a scroll of fear {unknown}
Potions
 c - 2 potions of flight
 h - a potion of haste {unknown}
 i - a potion of curing {unknown}
 l - 2 potions of degeneration {unknown}
Comestibles
 b - 2 rations


   Skills:
 + Level 4.2 Fighting
 - Level 3.6 Dodging
 - Level 3.2 Stealth
 + Level 5.3 Unarmed Combat


You had 4 spell levels left.
You didn't know any spells.
Your spell library contained the following spells:

 Spells                   Type           Power        Failure   Level  Hunger
 Sticks to Snakes         Tmut           #.......     63%         2    ###....
 Beastly Appendage        Tmut           Unusable     N/A         1    N/A
 Spider Form              Tmut/Pois      Unusable     N/A         3    N/A
 Ice Form                 Ice/Tmut       Unusable     N/A         4    N/A
 Blade Hands              Tmut           Unusable     N/A         5    N/A

Dungeon Overview and Level Annotations

Branches:
Dungeon (4/15)
 Temple: D:4-7

Altars:
Hepliaklqana

Annotations:
D:4 Robin


Innate Abilities, Weirdness & Mutations

Your body is rotting away.
You thrive on raw meat.
You are immune to poison.
You have sharp fingernails.
You are carnivorous and can eat meat at any time.
Your flesh is cold resistant. (rC+)
You are immune to negative energy. (rN+++)
You do not regenerate when monsters are visible.
You are immune to unholy pain and torment.
You can survive without breathing.


Message History

The hobgoblin hits you. The goblin misses you. The goblin closely misses you.
The goblin hits you but does no damage. The hobgoblin hits you.
You closely miss the goblin.
The goblin is severely wounded.
The goblin barely misses you. The hobgoblin hits you.
The goblin barely misses you. The goblin hits you.
The hobgoblin barely misses you. The goblin barely misses you.
You hit the goblin.
You feel better.
The goblin is almost dead.
The goblin misses you. The hobgoblin hits you. The goblin closely misses you.
The goblin hits you with a +2 dagger of freezing.
* * * LOW HITPOINT WARNING * * *
The goblin hits you but does no damage. The hobgoblin hits you.
* * * LOW HITPOINT WARNING * * *
As you read the scroll labeled RUAXEI PEALIMI, it crumbles to dust.
It is a scroll of amnesia.
You feel forgetful for a moment. The hobgoblin hits you.
* * * LOW HITPOINT WARNING * * *
The goblin closely misses you. x2; The goblin hits you.
You die...

#..........+
#..........#
#..!.......#
#....$..(..#
#.........%#
#..ggg.....#
#.gggg.....#
#g@gg.#
#g##### #.#
#####.#
#.....#
#.##### #.#
#.# #.#


You could see Robin, 2 hobgoblins and 8 goblins.

Vanquished Creatures
  2 orc priests (D:3)
  4 adders
  4 worms
  3 dart slugs
  4 leopard geckos
  5 orcs (D:3)
  10 bats
  5 giant cockroaches
  10 goblins
  7 hobgoblins
  12 jackals
  2 quokkas
  2 ball pythons
  3 frilled lizards
  7 kobolds
  6 rats
86 creatures vanquished.

Notes
Turn   | Place    | Note
-------+----------+-------------------------------------------
     0 | D:1      | sl00ts the Ghoul Monk began the quest for the Orb.
     0 | D:1      | Reached XP level 1. HP: 19/19 MP: 0/0
   340 | D:1      | Reached XP level 2. HP: 19/26 MP: 1/1
  1161 | D:1      | Reached XP level 3. HP: 26/31 MP: 2/2
  1229 | D:2      | Reached skill level 4 in Unarmed Combat
  1588 | D:2      | Reached XP level 4. HP: 39/40 MP: 3/3
  2190 | D:3      | Reached XP level 5. HP: 18/46 MP: 4/4
  2443 | D:4      | Noticed an ogre
  2456 | D:3      | Reached skill level 5 in Unarmed Combat
  2849 | D:3      | Found a hazy altar of Hepliaklqana.
  3247 | D:4      | Noticed Robin
  3257 | D:4      | HP: 1/44 [hobgoblin[Robin] (6)]
  3257 | D:4      | Slain by a goblin

Vault maps used:
D:1:      minmay_arrival_loop
D:3:      lemuel_coloured_pillars_altar
D:4:      minmay_temple_entry_purple_smoke, enter_ossuary_4, uniq_robin,
          uniq_edmund

Skill      XL: |  1  2  3  4  5 |
---------------+----------------+-----
Dodging        | 3 |  3.6
Unarmed Combat | 4 5 |  5.3
Stealth        | 3 |  3.2
Fighting       | 4 |  4.2

Action                   |  1- 3 |  4- 6 || total
-------------------------+-------+-------++-------
Melee: Unarmed           |    99 |   148 ||   247
       Punch             |     4 |     1 ||     5
       Dagger            |       |     8 ||     8
  Use: Potion            |       |     3 ||     3
       Scroll            |       |     1 ||     1
 Stab: Sleeping          |     6 |     6 ||    12
  Eat: Chunk             |     3 |     4 ||     7
Armor: Robe              |    15 |    36 ||    51
Dodge: Dodged            |    79 |   188 ||   267

Table legend:
 A = Non-vault XP
 B = Vault XP
 C = Vault XP percentage of total XP
 D = Non-vault monster count
 E = Vault monster count
 F = Vault count percentage of total count
                 A         B        C        D         E       F
            +---------+---------+-------+---------+---------+-------
      Total |     309 |       2 |   0.6 |      85 |       1 |   1.2
            +---------+---------+-------+---------+---------+-------
        D:1 |      36 |       0 |   0.0 |      18 |       0 |   0.0
        D:2 |     100 |       0 |   0.0 |      29 |       0 |   0.0
        D:3 |     172 |       0 |   0.0 |      37 |       0 |   0.0
        D:4 |       1 |       2 |  66.7 |       1 |       1 |  50.0
            +---------+---------+-------+---------+---------+-------
